Map: Nightscape LE

Players

doctorcien

  • Race: Zerg Zerg
  • Spawn Location: 7:00

radiohead

  • Race: Protoss Protoss
  • League: Platinum
  • Spawn Location: 7:00

MattBarry - Winner!

  • Race: Terran Terran
  • Spawn Location: 1:00

MattBarry - Winner!

  • Race: Zerg Zerg
  • Spawn Location: 1:00

VOD

Have the link to the VOD?

Description

Time

  • Played on: Dec. 25, 2022, 7:18 p.m.
  • Length: 14:44
Show
View Real Time Build Order
Export as new Build Order

doctorcien Zerg 

Build Orders: Hatch First 

Get SALT Encoding   

  12  0:01  Drone  
  13  0:12  Overlord  
  13  0:17  Drone  
  14  0:31  Drone x2  
  14  0:34  Drone  
  17  0:45  Drone  
  18  1:02  Hatchery  
  17  1:11  Drone  
  17  1:12  Drone  
  19  1:19  Drone  
  20  1:37  Drone  
  21  1:43  Spawning Pool, Drone  
  21  1:44  Extractor  
  20  1:49  Overlord  
  20  2:16  Drone  
  20  2:17  Drone x2  
  20  2:22  Drone  
  24  2:24  Drone  
  25  2:35  Zergling x2  
  25  2:36  Queen x2  
  28  2:39  Zergling x2  
  28  2:43  Metabolic Boost  
  31  2:46  Zergling x4  
  33  3:12  Baneling Nest, Overlord  
  32  3:13  Overlord  
  32  3:32  Zergling x10  
  37  3:39  Drone  
  38  3:45  Drone x3  
  41  3:52  Hatchery  
  40  4:48  Baneling x5  
  40  4:49  Baneling  
  40  5:22  Queen  
  42  5:36  Drone x8  
  50  6:34  Lair  
  50  7:00  Baneling x2  
  50  7:01  Baneling x2  
  50  7:28  Baneling x4  
  50  7:36  Overlord x2  
  50  7:37  Overlord x2  
  41  8:13  Zergling x20  
  41  8:14  Zergling x44  
  41  8:15  Zergling x8  
  41  8:19  Centrifugal Hooks  
  77  8:23  Drone x2  
  77  8:24  Extractor, Drone  
  77  8:25  Zergling x6  
  82  8:28  Overlord x3  
  82  8:32  Baneling x11  
  82  8:46  Zergling x4  
  82  8:47  Zergling x26  
  77  9:09  Zergling x8  
  65  9:10  Zergling x12  
  63  9:20  Zergling x6  
  44  9:40  Zergling x2  
  44  9:41  Zergling x16  
  44  9:45  Baneling x2  
  51  9:49  Zergling x2  
  47  10:10  Baneling x4  
  47  10:11  Baneling  
  47  10:12  Baneling x7  
  47  10:13  Zergling x4  
  49  10:21  Hatchery  
  49  10:22  Zergling x2  
  49  10:23  Zergling x2  
  50  10:29  Zergling x2  
  51  10:40  Zergling x2  
  52  10:47  Zergling x6  
  55  10:56  Overseer  
  55  10:58  Zergling x2  
  55  11:03  Zergling x2  
  57  11:18  Hatchery  
  57  11:19  Hydralisk Den  
  57  11:22  Zergling x6  
  47  11:37  Zergling x4  
  40  11:46  Zergling x8  
  44  11:52  Zergling x2  
  45  11:55  Hydralisk  
  46  12:03  Zergling x2  
  43  12:08  Grooved Spines  
  43  12:11  Queen  
  43  12:12  Queen  
  40  12:38  Hydralisk x3  
  40  12:39  Hydralisk x4  
  40  12:42  Hatchery  
  53  12:46  Zergling x8, Queen  
  53  12:47  Queen  
  53  12:50  Zergling x2  
  62  12:57  Baneling  
  62  13:00  Zergling x4  
  64  13:20  Muscular Augments  
  63  13:39  Zergling x2  
  63  13:40  Zergling x20  
  67  13:45  Hydralisk  
  67  13:46  Hydralisk x3  
  60  14:07  Baneling  
Show
View Real Time Build Order
Export as new Build Order

radiohead Protoss 

Build Orders:  

Get SALT Encoding   

  12  0:01  Probe  
  13  0:13  Probe  
  14  0:18  Pylon  
  14  0:25  Probe  
  15  0:31  Assimilator  
  15  0:37  Probe  
  16  0:48  Gateway  
  16  0:54  Probe  
  17  1:04  Forge  
  17  1:08  Probe  
  18  1:15  Pylon  
  18  1:24  Probe  
  19  1:31  Assimilator  
  19  1:36  Probe  
  20  1:42  Cybernetics Core  
  20  1:53  Photon Cannon  
  20  2:01  Probe  
  21  2:09  Photon Cannon  
  21  2:14  Probe  
  22  2:20  Stalker  
  24  2:39  Nexus  
  24  2:54  Pylon  
  24  2:59  Probe  
  24  3:01  Stalker  
  27  3:14  Protoss Ground Weapons Level 1 (Chrono Boost)  
  27  3:16  Pylon  
  27  3:20  Probe  
  28  3:29  Warp Gate  
  28  3:32  Probe  
  29  3:34  Pylon  
  29  3:38  Gateway  
  29  3:48  Shield Battery  
  29  3:58  Probe (Chrono Boost)  
  29  3:59  Probe (Chrono Boost)  
  31  4:08  Probe x2 (Chrono Boost)  
  31  4:09  Robotics Facility  
  33  4:13  Probe x2 (Chrono Boost)  
  35  4:18  Shield Battery  
  35  4:28  Stalker  
  35  4:31  Stalker  
  39  4:38  Photon Cannon  
  39  4:42  Probe  
  39  4:43  Probe  
  41  4:54  Probe  
  41  4:55  Probe  
  41  4:57  Observer (Chrono Boost)  
  44  5:01  Stalker  
  44  5:02  Stalker  
  44  5:06  Probe  
  49  5:07  Probe  
  50  5:18  Pylon  
  50  5:19  Immortal  
  54  5:22  Probe x2  
  56  5:28  Protoss Ground Armor Level 1 (Chrono Boost)  
  56  5:34  Probe  
  56  5:35  Probe  
  58  5:38  Assimilator  
  58  5:42  Assimilator  
  58  5:43  Pylon  
  58  5:46  Probe  
  58  5:47  Probe  
  60  5:52  Shield Battery  
  60  5:54  Photon Cannon  
  60  6:00  Immortal  
  64  6:07  Stalker x2  
  64  6:08  Probe  
  69  6:36  Stalker x2  
  69  6:39  Immortal  
  78  6:41  Nexus  
  78  6:44  Shield Battery  
  77  6:58  Probe x2  
  79  7:02  Robotics Bay  
  79  7:10  Probe  
  80  7:18  Immortal  
  84  7:25  Twilight Council, Probe x2  
  86  7:47  Probe x2  
  80  7:59  Probe x2  
  60  8:07  Stalker x2  
  60  8:09  Colossus (Chrono Boost)  
  60  8:11  Probe  
  60  8:12  Extended Thermal Lance (Chrono Boost)  
  63  8:18  Protoss Ground Weapons Level 2 (Chrono Boost), Blink (Chrono Boost)  
  69  8:26  Pylon x2  
  69  8:30  Probe x2  
  69  8:31  Probe  
  69  8:32  Stalker x2  
  69  8:34  Assimilator x2  
  76  8:42  Probe  
  76  8:43  Probe x2  
  79  8:51  Robotics Facility  
  79  8:54  Colossus (Chrono Boost)  
  79  9:01  Probe x3  
  88  9:02  Stalker  
  88  9:03  Stalker  
  92  9:13  Probe x2  
  94  9:30  Stalker  
  94  9:31  Stalker  
  88  9:44  Colossus x2 (Chrono Boost)  
  96  9:48  Probe x3  
  99  10:00  Probe  
  99  10:04  Stalker  
  99  10:05  Stalker  
  98  10:16  Probe x3  
  101  10:26  Immortal (Chrono Boost)  
  101  10:27  Immortal (Chrono Boost)  
  109  10:28  Probe x3  
  109  10:30  Stalker  
  109  10:31  Stalker  
  116  10:49  Protoss Ground Armor Level 2 (Chrono Boost)  
  116  10:55  Forge  
  116  11:01  Pylon  
  116  11:02  Pylon  
  116  11:05  Pylon  
  116  11:07  Pylon  
  116  11:09  Nexus  
  116  11:12  Pylon  
  116  11:14  Pylon  
  116  11:19  Immortal x2  
  109  11:47  Stalker x2  
  109  11:48  Probe x3  
  116  11:58  Colossus (Chrono Boost)  
  122  12:06  Colossus (Chrono Boost)  
  120  12:14  Stalker x2  
  120  12:15  Probe x3  
  133  12:27  Probe x2  
  135  12:31  Pylon  
  135  12:33  Gateway  
  135  12:35  Gateway  
  135  12:38  Gateway  
  135  12:40  Gateway  
  135  12:45  Gateway  
  135  12:46  Immortal (Chrono Boost)  
  135  12:47  Charge  
  139  12:52  Immortal  
  135  13:30  Pylon  
  135  13:31  Pylon, Nexus  
  120  14:10  Stalker  
  120  14:11  Stalker x4  
  120  14:12  Stalker  
Show
View Real Time Build Order
Export as new Build Order

MattBarry Terran - Winner!

Build Orders:  

Get SALT Encoding   

  12  0:00  SCV  
  13  0:12  SCV  
  14  0:17  Supply Depot  
  14  0:24  SCV  
  15  0:39  SCV  
  15  0:40  Barracks  
  16  0:49  Refinery  
  16  0:51  SCV  
  17  1:03  SCV  
  18  1:15  SCV  
  19  1:27  Orbital Command  
  19  1:29  Marine  
  19  1:31  Supply Depot  
  20  1:49  Barracks Tech Lab  
  20  1:51  Command Center  
  21  1:54  SCV  
  21  2:10  SCV  
  22  2:15  Marine  
  22  2:19  Barracks  
  22  2:22  Barracks  
  23  2:24  SCV  
  23  2:29  Stimpack  
  24  2:36  SCV  
  25  2:37  Refinery  
  25  2:39  Supply Depot  
  25  2:40  Marine  
  26  2:48  SCV  
  27  3:02  SCV, Marauder  
  30  3:11  Marine  
  30  3:12  Marine, Engineering Bay  
  32  3:17  SCV  
  33  3:22  Marine  
  34  3:29  SCV  
  34  3:31  Barracks Tech Lab, Barracks Reactor  
  35  3:41  Factory  
  35  3:45  SCV, Terran Infantry Weapons Level 1  
  35  3:48  Orbital Command  
  36  3:58  Marauder  
  36  4:02  Marauder  
  40  4:09  Combat Shield  
  40  4:15  SCV x2  
  42  4:17  Marine  
  42  4:18  Marine  
  44  4:28  Starport  
  44  4:33  SCV x2  
  46  4:39  Marine x2  
  46  4:42  Factory Reactor  
  46  4:44  Supply Depot  
  46  4:45  Marauder x2  
  52  4:48  SCV x2  
  54  4:53  Supply Depot  
  54  5:04  Supply Depot  
  54  5:06  SCV x2  
  56  5:08  Refinery  
  56  5:10  Marine x2  
  58  5:17  Supply Depot  
  58  5:22  Marine x2  
  58  5:23  SCV  
  58  5:24  SCV  
  62  5:28  Supply Depot  
  62  5:29  Refinery  
  62  5:34  Medivac x2  
  66  5:37  Marine, SCV x2  
  66  5:38  Marine  
  66  5:42  Supply Depot  
  70  5:44  Terran Infantry Armor Level 1  
  70  5:48  Missile Turret  
  70  5:49  SCV x2  
  72  5:53  Missile Turret  
  72  5:58  Marine x2  
  72  5:59  Marine  
  72  6:00  Marine  
  72  6:01  SCV x2  
  78  6:07  Medivac  
  78  6:09  Medivac  
  82  6:13  SCV x2  
  82  6:16  Concussive Shells  
  86  6:18  Marine, Marauder  
  86  6:19  Marine, Marauder  
  90  6:25  SCV  
  90  6:26  SCV  
  92  6:37  Supply Depot  
  92  6:38  Supply Depot, SCV x2  
  96  6:40  Marauder x2  
  98  6:53  Medivac x2  
  102  6:59  Marine x2  
  104  7:03  Supply Depot  
  104  7:05  Supply Depot  
  104  7:07  Marauder x2  
  108  7:16  Marine x2  
  108  7:19  Command Center  
  107  7:28  SCV x2, Marauder x2  
  113  7:34  Marine x2  
  114  7:37  Command Center  
  109  8:13  Marine x2, Marauder x2  
  109  8:14  SCV x2  
  117  8:24  Barracks x2  
  117  8:26  Barracks, SCV x2  
  119  8:30  Marine, Medivac x2  
  119  8:31  Marine  
  125  8:34  Marauder  
  125  8:35  Marauder  
  125  8:37  Supply Depot x2  
  125  8:38  SCV x2  
  125  8:39  Supply Depot, Armory  
  131  8:50  SCV x2  
  123  9:11  Marine x2, Marauder x2  
  116  9:39  Marine x2, Marauder x2  
  101  10:12  Marine  
  101  10:13  Marine, Marauder x2  
  107  10:15  Barracks Tech Lab x3  
  107  10:23  Medivac x2  
  111  10:31  Marine x2  
  111  10:34  Marauder x2  
  117  10:40  Orbital Command  
  117  10:44  Marauder x3  
  117  10:45  Command Center  
  117  10:47  Terran Infantry Weapons Level 2  
  123  10:53  Medivac x2  
  123  10:55  Refinery  
  123  10:56  Marauder x2  
  131  10:57  Refinery  
  131  11:05  Marauder x3  
  131  11:06  Marine x2  
  139  11:17  Marauder x2  
  143  11:24  Marine x2  
  145  11:26  Marauder  
  145  11:27  Marauder x2  
  133  11:40  Marauder x2  
  133  11:42  Marine x2  
  133  11:45  Medivac x2  
  139  11:48  Marauder x3  
  145  12:01  Marauder x2  
  143  12:09  Marauder x3  
  149  12:17  Viking x2  
  149  12:22  Marauder x2  
  157  12:47  Viking x2  
  157  12:48  Planetary Fortress  
  157  12:50  SCV x3  
  164  12:53  Marauder x5  
  164  12:54  Marine x2  
  176  13:14  Marauder x4  
  176  13:17  Viking  
  164  13:51  Marauder x4  
  164  13:52  Marauder  
  164  13:53  Marine x2  
  173  14:12  Marauder  
  173  14:13  Marauder x4  
  183  14:19  Marine  
  183  14:20  Marine  
Show
View Real Time Build Order
Export as new Build Order

MattBarry Zerg - Winner!

Build Orders: Hatch First 

Get SALT Encoding   

  12  0:01  Drone  
  13  0:12  Drone  
  14  0:21  Overlord  
  14  0:40  Drone  
  14  0:41  Drone  
  16  0:58  Drone  
  16  1:01  Extractor  
  16  1:02  Hatchery  
  15  1:12  Drone  
  15  1:16  Drone  
  17  1:28  Drone  
  17  1:29  Drone  
  19  1:49  Drone x2  
  21  1:55  Spawning Pool  
  20  2:04  Drone  
  20  2:07  Overlord  
  21  2:11  Extractor  
  20  2:23  Hatchery  
  19  2:31  Drone x2  
  21  2:43  Zergling x8  
  25  2:54  Overlord  
  25  2:59  Metabolic Boost  
  25  3:03  Zergling x2  
  26  3:08  Evolution Chamber  
  25  3:13  Queen  
  27  3:20  Queen  
  29  3:32  Drone x2  
  29  3:33  Drone x3  
  34  3:44  Queen  
  35  4:06  Lair  
  35  4:11  Baneling Nest  
  34  4:20  Zerg Melee Weapons Level 1  
  34  4:52  Drone x3  
  37  4:53  Drone x3  
  37  4:54  Drone  
  41  5:02  Evolution Chamber  
  40  5:09  Drone x3  
  40  5:10  Drone  
  44  5:31  Zerg Ground Armor Level 1  
  44  5:36  Roach Warren, Centrifugal Hooks  
  43  5:49  Spore Crawler  
  42  5:52  Spore Crawler  
  42  5:54  Spore Crawler, Drone  
  42  5:55  Drone x3  
  44  6:09  Queen  
  46  6:11  Drone  
  46  6:12  Drone  
  46  6:13  Zergling x4  
  46  6:14  Overlord  
  46  6:15  Overlord x2  
  48  6:53  Roach  
  60  6:54  Roach x13  
  74  7:22  Overlord x2  
  74  7:23  Overlord  
  74  7:32  Glial Reconstitution  
  74  7:35  Zerg Missile Weapons Level 1  
  74  7:49  Spine Crawler  
  67  8:02  Roach  
  67  8:03  Roach x2, Overlord x2  
  67  8:17  Roach x2  
  67  8:18  Roach x3  
  67  8:19  Roach, Overlord  
  79  8:30  Infestation Pit, Roach x3  
  79  8:31  Roach x4  
  82  9:36  Drone x5  
  82  9:37  Drone, Overlord x2  
  82  9:38  Roach  
  86  9:49  Tunneling Claws  
  86  9:52  Burrow  
  86  9:54  Hive  
  86  10:04  Extractor  
  85  10:07  Extractor  
  86  10:14  Roach  
  86  10:15  Roach  
  88  10:44  Overseer  
  88  11:14  Adrenal Glands  
  88  11:30  Roach  
  60  11:47  Spire  
  60  11:50  Pneumatized Carapace  
  55  12:41  Overlord x2  
  55  12:42  Overlord x2  
  55  12:50  Roach  
  65  12:51  Roach x5  
  65  12:52  Roach x6  
  65  12:53  Roach x12  
  65  12:54  Roach x13  
  129  13:05  Corruptor  
  129  13:06  Corruptor x2  
  135  13:18  Hatchery  
  134  13:52  Roach x38  
Tags
 
Add a new tag
Caveats
  • Supply blocks, unpowered buildings, or Contaminate may cause inaccurate times.
  • Supply counts are checked every 10 seconds.